 Dungeon Crawl Stone Soup version 0.13.1-25-g341c717 (webtiles) character file.

1309 Nicoed the Covered (level 8, 0/62 HPs)
             Began as a Human Fighter on Jan 17, 2014.
             Was a Follower of Yredelemnul.
             Slain by an orc warrior
             ... wielding a cursed -3,-3 orcish mace
              (12 damage)
             ... on Level 7 of the Dungeon.
             The game lasted 00:25:28 (6973 turns).

Nicoed the Covered (Human Fighter)                  Turns: 6973, Time: 00:25:28

HP   0/62        AC 10     Str 19      XL: 8   Next: 75%
MP   7/7         EV 13     Int  9      God: Yredelemnul [*.....]
Gold 91          SH 22     Dex 14      Spells:  0 memorised,  7 levels left

Res.Fire  : . . .   See Invis. : .   t - +1,+2 elf long sword (curse)
Res.Cold  : . . .   Warding    : .   e - +2 elf ring mail (curse)
Life Prot.: . . .   Conserve   : .   l - +2 elf shield
Res.Poison: .       Res.Corr.  : .   (no helmet)
Res.Elec. : .       Clarity    : .   j - +0 cloak
Sust.Abil.: . .     Spirit.Shd : .   (no gloves)
Res.Mut.  : .       Stasis     : +   C - +0 pair of boots
Res.Rott. : .       Flight     : .   b - amulet of stasis
Saprovore : . . .                    n - cursed +2 ring of dexterity
                                     B - cursed +4 ring of evasion

@: slightly resistant to hostile enchantments, very unstealthy
A: no striking features
a: Animate Remains, Renounce Religion


You were on level 7 of the Dungeon.
You worshipped Yredelemnul.
Yredelemnul was aware of your devotion.
You were hungry.

You visited 1 branch of the dungeon, and saw 7 of its levels.
You also visited: Ossuary.

You collected 183 gold pieces.
You spent 112 gold pieces at shops.

Inventory:

Hand weapons
 t - a cursed +1,+2 elven long sword (weapon)
Armour
 e - a cursed +2 elven ring mail (worn)
 j - a +0 cloak (worn)
 l - a +2 elven shield (worn)
 C - a +0 pair of boots (worn)
Magical devices
 f - a wand of fireball (3)
 p - a wand of slowing (8)
 u - a wand of draining (7)
 v - a wand of flame (12)
Comestibles
 a - 15 sultanas
 k - 7 meat rations
 w - 2 apples
 z - a pear
Scrolls
 c - a scroll of noise
 h - a scroll of enchant weapon I
 m - a scroll of enchant armour
 r - 2 scrolls of teleportation
 A - a scroll of enchant weapon II
 D - a scroll of remove curse
Jewellery
 b - an amulet of stasis (around neck)
 n - a cursed +2 ring of dexterity (right hand)
 y - an uncursed ring of ice {unknown}
 B - a cursed +4 ring of evasion (left hand)
Potions
 d - 4 potions of speed
 g - a potion of mutation {unknown}
 i - 3 potions of curing
 o - a potion of magic {unknown}
 q - 4 potions of heal wounds
 s - a potion of brilliance
 x - 2 potions of resistance


   Skills:
 + Level 5.1 Fighting
 + Level 4.6 Long Blades
 + Level 5.6 Armour
 + Level 4.1 Dodging
 + Level 5.4 Shields


You had 7 spell levels left.
You didn't know any spells.

Dungeon Overview and Level Annotations

Branches:
Dungeon (7/27)             Temple (0/1) D:5
    Orc: D:6-11

Altars:
Okawaru
Xom
Yredelemnul

Shops:
D:4 %*


Message History

The orc warrior is severely wounded.
The orc hits you but does no damage. You block the orc warrior's attack.
Unknown command.
You slash the orc warrior!
The orc warrior is almost dead.
The orc hits you but does no damage.
The orc warrior hits you with an orcish mace!
* * * LOW HITPOINT WARNING * * *
Unknown command.
You barely miss the orc warrior.
The orc warrior is almost dead.
You block the orc's attack. You block the orc warrior's attack.
Unknown command.
You closely miss the orc warrior.
The orc warrior is almost dead.
You are feeling hungry.
You block the orc's attack.
The orc warrior hits you with an orcish mace!
You die...
Your body rises from the dead as a mindless zombie.

#.....#
#.....#
#.....#
#.....#
#.....#
#.....#
#.....#
#.....#
#..@).#
#.oo..#
#.....#
#.....#
#.....#
#.....#
#.....#
#.....#
#.....#


You could see an orc warrior and an orc.

Vanquished Creatures
  A phantom (D:5)
  An ogre (D:7)
  A sky beast (D:5)
  Sigmund (D:2)
  2 giant frogs (D:6)
  A manticore zombie (D:4)
  A hound (D:7)
  4 crimson imps (D:5)
  A centaur skeleton (D:6)
  2 worker ants
  An orc wizard (D:5)
  4 big kobold zombies (Ossuary)
  Ijyb (D:6)
  A crocodile zombie (D:5)
  4 mummies (Ossuary)
  7 adders
  4 gnolls (D:2)
  7 worms
  A giant eyeball (D:6)
  5 giant geckos
  An ooze (D:2)
  10 orcs
  3 giant cockroaches
  14 goblins
  10 hobgoblins
  12 jackals
  4 kobolds
  3 ball pythons
  16 bats
  A giant gecko skeleton (D:4)
  5 giant newts
  6 hobgoblin zombies
  A jackal zombie (D:5)
  2 quokkas
  15 rats
153 creatures vanquished.

Notes
Turn   | Place    | Note
--------------------------------------------------------------
     0 | D:1      | Nicoed, the Human Fighter, began the quest for the Orb.
     0 | D:1      | Reached XP level 1. HP: 18/18 MP: 0/0
   114 | D:1      | Reached XP level 2. HP: 24/24 MP: 1/1
   506 | D:1      | Reached XP level 3. HP: 30/30 MP: 2/2
   784 | D:2      | Noticed Sigmund
   785 | D:2      | Paralysed by a potion of paralysis for 7 turns
   966 | D:2      | Reached skill level 1 in Dodging
  1201 | D:2      | Reached XP level 4. HP: 36/36 MP: 3/3
  1913 | D:2      | Reached XP level 5. HP: 19/42 MP: 4/4
  2785 | D:2      | Killed Sigmund
  2785 | D:2      | Reached skill level 4 in Shields
  2785 | D:2      | Reached XP level 6. HP: 30/48 MP: 5/5
  3618 | D:3      | Found a basalt altar of Yredelemnul.
  3644 | D:3      | Became a worshipper of Yredelemnul the Dark
  4242 | D:4      | Found Phapru's Food Shop.
  4270 | D:4      | Found an iron altar of Okawaru.
  4280 | D:4      | Found Opaac's Assorted Antiques.
  4301 | D:4      | Bought a scroll of identify for 56 gold pieces
  4301 | D:4      | Bought a scroll of identify for 56 gold pieces
  4487 | D:4      | Reached XP level 7. HP: 38/54 MP: 6/6
  4711 | D:5      | Entered Level 5 of the Dungeon
  5032 | D:5      | Found a shimmering altar of Xom.
  5206 | D:5      | Found a staircase to the Ecumenical Temple.
  5491 | D:5      | Reached XP level 8. HP: 59/61 MP: 7/7
  5562 | D:5      | Reached skill level 5 in Armour
  5861 | D:6      | Reached skill level 5 in Shields
  5995 | D:6      | Noticed Ijyb
  6012 | D:6      | Killed Ijyb
  6033 | D:6      | Found a sand-covered staircase.
  6037 | Ossuary  | Entered an ossuary
  6526 | Ossuary  | Reached skill level 5 in Fighting
  6951 | D:7      | Acquired Yredelemnul's first power
  6973 | D:7      | Slain by an orc warrior

Action                   |  1- 3 |  4- 6 |  7- 9 || total
-------------------------+-------+-------+-------++-------
Melee: Falchion          |   128 |   295 |     9 ||   432
       Long sword        |       |       |   292 ||   292
Evoke: Wand              |       |     4 |     3 ||     7
  Use: Potion            |     8 |     1 |       ||     9
       Scroll            |       |    12 |     5 ||    17
